Cogmind - Beta 13 @@@ ROGUE MODE // 2024.05.26 @ 03:39:19 Player: BrainTooSmol Result: Self-destructed Performance ------------- Evolutions (1) 500 Regions Visited (2) 400 Robots Destroyed (61) 305 Value Destroyed (1359) 1359 Prototype IDs (3) 60 Alien Tech Used (0) 0 Bonus (46) 46 TOTAL SCORE: 2670 Bonus ------- High Alert Combat Kills 46 Cogmind --------- Core Integrity 248/400 Matter 300/300 Energy 90/100 System Corruption 5% Temperature Cool (39) Movement Walking (120) Location -9/Materials Parts ------- > --- POWER (1) -------- (None) > --- PROPULSION (3) --- Aluminum Leg Aluminum Leg Improved Aluminum Leg > --- UTILITY (2) ------ Medium Storage Unit > --- WEAPON (3) ------- (None) > --- INVENTORY (10) --- Aluminum Leg Aluminum Leg Small Storage Unit Seismic Detector Hardened Medium Armor Plating Shield Generator Shield Generator Mini Grenade Launcher Plasma Cutter Peak State ------------ > --- POWER ------------ Ion Engine > --- PROPULSION ------- Aluminum Leg Aluminum Leg Improved Aluminum Leg > --- UTILITY ---------- Medium Storage Unit Hardened Medium Armor Plating > --- WEAPON ----------- Medium Laser Advanced Beam Cannon Heavy Assault Rifle > --- INVENTORY -------- Aluminum Leg Aluminum Leg Small Storage Unit Seismic Detector Hardened Medium Armor Plating Mini Grenade Launcher Plasma Cutter [Rating: 16] Favorites ----------- Power Ion Engine Engine Ion Engine Propulsion Aluminum Leg Leg Aluminum Leg Utility Medium Storage Unit Device Seismic Detector Storage Medium Storage Unit Protection Hardened Medium Armor Plating Weapon Medium Laser Energy Gun Medium Laser Energy Cannon EM Pulse Cannon Ballistic Gun Heavy Assault Rifle Ballistic Cannon Light Cannon Launcher Mini Grenade Launcher Build | -11 -10 -9 ------- Run | Yrd Mat Mat Slots Evolved 2 | . . 2 Power . | . . . Propulsion 1 | . . 1 Utility . | . . . Weapon 1 | . . 1 Parts Attached 38 | 2 6 30 Power 7 | . 2 5 Engine 7 | . 2 5 Core . | . . . Reactor . | . . . Propulsion 12 | . 2 10 Treads . | . . . Leg 12 | . 2 10 Wheel . | . . . Hover . | . . . Flight . | . . . Utility 4 | 1 1 2 Device 1 | 1 . . Storage 1 | . 1 . Processor . | . . . Hackware . | . . . Protection 2 | . . 2 Artifact . | . . . Weapon 15 | 1 1 13 Energy Gun 6 | . . 6 Energy Cannon 2 | . . 2 Ballistic Gun 5 | 1 . 4 Ballistic Cannon 1 | . 1 . Launcher 1 | . . 1 Special Weapon . | . . . Impact Weapon . | . . . Slashing Weapon . | . . . Piercing Weapon . | . . . Special Melee Weapon . | . . . Unidentified Prototypes 3 | . . 3 Parts Lost 11 | . 1 10 Power 3 | . . 3 Propulsion 1 | . 1 . Utility 1 | . . 1 Weapon 6 | . . 6 Highest Loss Streak 3 | . 1 3 To Critical Strikes . | . . . Average Slot Usage (%) 94 | . 99 92 Engine 11 | . 13 9 Leg 31 | . 27 33 Device 6 | . 14 2 Storage 11 | . 14 11 Protection 5 | . . 7 Energy Gun 18 | . 14 19 Ballistic Gun 6 | . 6 6 Ballistic Cannon 2 | . 7 . Naked Turns . | . . . Heaviest Build 31 | 12 19 31 Greatest Support 33 | 20 20 33 Greatest Overweight (x) 1 | . 1 1 Average Overweight (x) . | . . . Largest Inventory Capacity 10 | 8 10 10 Average Capacity 9 | 8 8 10 Most Carried 10 | 6 9 10 Average Carried 6 | 6 6 7 Final Capacity 10 | 8 10 10 Final Carried 9 | 6 8 9 Class Distribution -------------------- 36% | Mutant 30% | Scavenger-Tank 22% | Scavenger-Mutant 10% | Scavenger-Gunner Dominant Class ---------------- Mutant | -10/Materials Scavenger-Tank | -9/Materials Resources | -11 -10 -9 ----------- Run | Yrd Mat Mat Matter Collected 903 | 231 171 501 Remotely . | . . . Salvage Created 1972 | 143 480 1349 Parts 117 | 9 28 80 Haulers Intercepted 3 | . . 3 Recyclers Shooed . | . . . Parts Field Recycled . | . . . Retrieved Matter . | . . . Parts Self-Destructed . | . . . Prevented . | . . . Kills | -11 -10 -9 ------- Run | Yrd Mat Mat Combat Hostiles Destroyed 37 | . 9 28 Guns 27 | . 8 19 Cannons 3 | . 1 2 AOE 5 | . . 5 Classes Destroyed 12 | 2 4 6 Worker 3 | . 2 1 Builder 2 | . . 2 Tunneler 4 | 4 . . Hauler 3 | . . 3 Recycler 4 | 1 2 1 Operator 4 | . 2 2 Watcher 4 | . . 4 Swarmer 11 | . 3 8 Grunt 16 | . 6 10 Brawler 1 | . . 1 Duelist 1 | . . 1 Sentry 8 | . . 8 Best Kill Streak 7 | 2 4 7 Combat Bots Only 4 | . 3 4 Max Kills in Single Turn 5 | 1 1 5 Gunslinging . | . . . Exploded 3 | . . 3 Melee . | . . . Uniques/NPCs Destroyed . | . . . Combat | -11 -10 -9 -------- Run | Yrd Mat Mat Hostile Shots Fired 213 | . 48 165 Missed 48 | . 12 36 Damage Taken 2245 | 16 399 1830 Core 268 | 8 108 152 Absorbed by Shields . | . . . Core Remaining (%) 74 | 96 53 . Volleys Fired 170 | 17 44 109 Largest 3 | 2 2 3 Hottest 162 | 90 85 162 Shots Fired 326 | 34 87 205 Gun 303 | 34 75 194 Cannon 19 | . 12 7 Launcher 4 | . . 4 Special . | . . . Kinetic 100 | 13 44 43 Thermal 213 | 17 43 153 Explosive 4 | . . 4 Electromagnetic 9 | 4 . 5 Robot Hit Streak 11 | 7 7 11 Robot Miss Streak 5 | 2 5 3 Penetration Max . | . . . Secondary Targets 1 | . 1 . Max Gunslinging Chain 1 | . 1 . Shots Hit Robots 215 | 23 50 142 Core Hits 96 | 9 24 63 Critical Kills . | . . . Critical Parts Destroyed . | . . . Critical Strikes 18 | 1 3 14 Burn 18 | 1 3 14 Melee Attacks . | . . . Impact . | . . . Slashing . | . . . Piercing . | . . . Sneak Attacks . | . . . Combat Hostiles . | . . . Follow-up Attacks . | . . . Damage Inflicted 3500 | 305 674 2521 Guns 2663 | 250 471 1942 Cannons 178 | . 111 67 Explosions 659 | 55 92 512 Melee . | . . . Ramming . | . . . Kinetic 806 | 86 271 449 Thermal 2075 | 166 311 1598 Explosive 462 | . 92 370 Electromagnetic 157 | 53 . 104 Impact . | . . . Slashing . | . . . Piercing . | . . . Highest Corruption 5 | . 3 5 Average Corruption 4 | . 2 4 Corruption Purged . | . . . Corruption Blocked . | . . . Effects 41 | . 5 36 Message Errors 10 | . 1 9 Matter Fused 13 | . 3 10 Heat Flow Errors 6 | . 1 5 Energy Discharges 3 | . . 3 Data Loss (minor) 3 | . . 3 Data Loss (major) 1 | . . 1 Misfires 2 | . . 2 Weapon Failures 3 | . . 3 Overload Shots . | . . . Overflow Damage 45 | . 16 29 Projectiles . | . . . Explosions 45 | . 16 29 Melee . | . . . Knockbacks . | . . . Impact . | . . . Kinetic . | . . . Secondary . | . . . Self-Inflicted Damage 71 | 16 . 55 Shots 3 | 1 . 2 Rammed . | . . . Targets Rammed . | . . . Kicked . | . . . Crushed . | . . . Highest Temperature 428 | 132 198 428 Average Temperature 88 | 55 62 101 Received Heat Transfer 672 | . 156 516 Effects 7 | . . 7 Shutdowns 2 | . . 2 Energy Bleed 1 | . . 1 Interference 2 | . . 2 Short Circuit 2 | . . 2 Siege Activations . | . . . Robots Corrupted 1 | . . 1 Combat Hostiles 1 | . . 1 Parts Fried 3 | 1 . 2 Impact Corruptions . | . . . Robots Melted 1 | . . 1 Combat Hostiles 1 | . . 1 Parts Melted 15 | 2 2 11 Heat Transferred 6984 | 507 1147 5330 Parts Sabotaged . | . . . Parts Stolen . | . . . Parts Stripped . | . . . Power Chain Reactions 2 | 1 . 1 Alert | -11 -10 -9 ------- Run | Yrd Mat Mat Peak Influence 461 | 25 285 461 Initial 20 | . 16 20 Average 234 | 14 98 314 Maximum Alert Level 2 | . 1 2 Low Security (%) 46 | 100 89 21 Level 1 37 | . 10 53 Level 2 16 | . . 24 Level 3 . | . . . Level 4 . | . . . Level 5 . | . . . High Security . | . . . Max Security . | . . . Squads Dispatched 4 | . 2 2 Investigation . | . . . Extermination . | . . . Reinforcement 4 | . 2 2 Assault . | . . . Garrison . | . . . Intercept . | . . . Searches Triggered . | . . . Construction Impeded . | . . . Haulers Reinforced . | . . . Active Scanning Responses . | . . . Cargo Convoy Interrupts . | . . . Stealth | -11 -10 -9 --------- Run | Yrd Mat Mat Distress Signals 4 | . 1 3 Communications Jammed . | . . . Distress Signals . | . . . Times Spotted 62 | . 20 42 Peak Tracking Total 5 | . 5 4 Tactical Retreats 2 | . . 2 Traps | -11 -10 -9 ------- Run | Yrd Mat Mat Traps Triggered 8 | . 3 5 Indirectly 2 | . . 2 Trap Hack Attempts . | . . . Triggered . | . . . Disarmed . | . . . Reprogrammed . | . . . Reused . | . . . Traps Extracted . | . . . Installed . | . . . Triggered 2 | . . 2 Machines | -11 -10 -9 ---------- Run | Yrd Mat Mat Machines Disabled 5 | . 2 3 Max in Single Turn 2 | . 2 2 Machines Repaired . | . . . Machines Dismantled . | . . . Machines Sabotaged . | . . . Overloaded Fab Kills . | . . . Hacking | -11 -10 -9 --------- Run | Yrd Mat Mat Machines Accessed 8 | . 4 4 Terminals 7 | . 4 3 Fabricators . | . . . Repair Stations . | . . . Recycling Units 1 | . . 1 Scanalyzers . | . . . Garrison Access . | . . . Total Hacks 18 | . 11 7 Successful 9 | . 5 4 Failed 9 | . 6 3 Catastrophic 2 | . 2 . Database Lockouts . | . . . Manual 12 | . 11 1 Terminals 16 | . 11 5 Fabricators . | . . . Repair Stations . | . . . Recycling Units 2 | . . 2 Scanalyzers . | . . . Garrison Access . | . . . Terminal Hacks 5 | . 3 2 Part Schematic 3 | . 3 . Alert Level 1 | . . 1 Hauler Manifests 1 | . . 1 Fabricator Hacks . | . . . Repair Station Hacks . | . . . Recycling Unit Hacks 1 | . . 1 Report Inventory 1 | . . 1 Scanalyzer . | . . . Garrison Access Hacks . | . . . Unauthorized Hacks 3 | . 2 1 Terminals 3 | . 2 1 Botnet 3 | . 2 1 Fabricators . | . . . Repair Stations . | . . . Recycling Units . | . . . Scanalyzers . | . . . Garrison Access . | . . . Data Cores Recovered . | . . . Used . | . . . Hacking Detections 4 | . 3 1 Full Trace Events 1 | . 1 . Feedback Events . | . . . Feedback Blocked . | . . . Robot Schematics Acquired . | . . . Robots Built . | . . . Authchips . | . . . Time . | . . . Total Robot Build Rating . | . . . Part Schematics Acquired 3 | . 3 . Parts Built . | . . . Authchips . | . . . Time . | . . . Total Part Build Rating . | . . . Parts Repaired . | . . . Time . | . . . Parts Recycled . | . . . Recycled Matter . | . . . Retrieved Matter . | . . . Retrieved Components . | . . . Parts Scanalyzed . | . . . Part Schematics Acquired . | . . . Parts Damaged . | . . . Bothacking | -11 -10 -9 ------------ Run | Yrd Mat Mat Used RIF Installer . | . . . Robots Hacked . | . . . Non-combat . | . . . Combat . | . . . Robot Hacks Applied . | . . . Relay Couplers Released . | . . . Fabnet Peak Effective % . | . . . Robots Rewired . | . . . Allies Hacked . | . . . Hacks Repelled . | . . . Allies | -11 -10 -9 -------- Run | Yrd Mat Mat Total Allies . | . . . Largest Group . | . . . Highest-Rated Group . | . . . Highest-Rated Ally . | . . . Total Orders . | . . . Ally Attacks . | . . . Total Damage . | . . . Kills . | . . . Allies Corrupted . | . . . Allies Melted . | . . . Intel | -11 -10 -9 ------- Run | Yrd Mat Mat Robot Analysis Total . | . . . Derelict Logs Recovered . | . . . Drone Launches . | . . . Drone Recoveries . | . . . Exploration | -11 -10 -9 ------------- Run | Yrd Mat Mat Turns Passed 3214 | 139 1003 2072 Spaces Moved 1729 | 67 648 1014 Core . | . . . Treads . | . . . Legs 1729 | 67 648 1014 Wheels . | . . . Hover . | . . . Flight . | . . . Fastest Speed 120 | 120 120 120 Average Speed 131 | 120 121 138 Slowest Speed 190 | 120 190 190 Overloaded Moves . | . . . Propulsion Burnouts . | . . . Robots Hopped . | . . . Cave-ins Triggered . | . . . Exploration Rate (%) 54 | 4 91 67 Regions Visited 2 Branch Regions . Pre-discovered Areas . | . . . Known Exits Taken . | . . . Unknown Exits Taken 2 | 1 1 . Scrap Searched . | . . . Spaces Dug . | . . . Terrain Destroyed 72 | 6 26 40 Melee . | . . . Projectile . | . . . AOE 72 | 6 26 40 Terrain Rammed . | . . . Walls Destroyed . | . . . Machines Disabled . | . . . Actions | -11 -10 -9 --------- Run | Yrd Mat Mat Total 2377 | 93 784 1500 Wait 400 | 6 78 316 Move 1727 | 66 647 1014 Hop . | . . . Pick Up 11 | 1 4 6 Fast Attach 18 | 1 3 14 Attach 4 | . . 4 Detach 3 | . . 3 Swap 16 | 1 3 12 Drop 28 | 1 5 22 Fire 170 | 17 44 109 Melee . | . . . Ram . | . . . Kick . | . . . Crush . | . . . Escape Stasis . | . . . Rewire . | . . . Trap . | . . . Miscellaneous . | . . . Route ------- -11/Scrapyard -10/Materials (discovered 4 exits: *Mat x3 / [*Min]) -9/Materials (discovered 3 exits: [*Mat x2] / [*Min]) History --------- Turn | Location | Event 1 | -11/Scrapyard | Discovered new exit (range 3) 140 | -11/Scrapyard | Entered Materials 317 | -10/Materials | Build established: Mutant 405 | -10/Materials | Discovered new exit (range 5) 669 | -10/Materials | Discovered new exit (range 16) 833 | -10/Materials | Discovered new exit (range 16) 1062 | -10/Materials | Discovered new exit (range 16) 1143 | -10/Materials | Entered another Materials area 1143 | -9/Materials | Evolved 2 slots: Propulsion x1, Weapon x1 1444 | -9/Materials | Build established: Scavenger-Gunner 1832 | -9/Materials | Build established: Scavenger-Mutant 1903 | -9/Materials | Discovered new exit (range 11) 2174 | -9/Materials | Discovered new exit (range 10) 2426 | -9/Materials | Build established: Scavenger-Tank 3181 | -9/Materials | Lost 3 parts (1u2w) 3183 | -9/Materials | Discovered new exit (range 11) 3215 | -9/Materials | Self-destructed Last Messages --------------- 03135_ L-31 Rogue suffers critical hit (Burn). 03138_ Hrd. Medium Armor Plating destroyed. 03139_ K-01 Serf collects debris. 03145_ Acquired 9 matter. 03150_ Beam Rifle destroyed. 03161_ System corrupted: Heat flow error (+101). 03183_ EXIT=FOUND 03187_ H 2Q>0RDB=BBWKHRXRT3JF9 03212_ Ion Engine destroyed. 03213_ Melee Analysis Suite fried. 03213_ L-31 Rogue destroyed. 03213_ Imp. EM Shotgun destroyed. Map ----- +----------------------------------------------------+ | ???# #?# ############## """"" # "T" # | | ???# #?# + """ # # | | ???# ### ####??# !%= # """# | | ???# ###########+# """# | | ???# + """# | | ???# ###### #####+##+## # # | | ???# ###/######## ### # ##+##### | | ???# ## # #?# """ # #???? | | ???# ## # ### """"" # #???? | | ???# ## ! # + """"" # #???? | | ???# ## ! # # """"" + #???? | | ???# ## !/ %# # """ #### #???? | | ???# ## / # #??# #???? | | ???# ## # # #??# #???? | | ???# ## # # #??# #???? | | ???# ############ ###+######??? #???? | | ???# #??????# #????? ???? | | ???# #??????# < #????? ???? | | ???# #??????# ??? | | ???# #?????#####+####### | | ???# #?????# #????# ? | | ???# #?????# """r#????# ? | | ???# #????## Y"R" #????# ?? | | ???# #????# ! ! ###### k ? | | ???# #????## =g%r ##+ | | ?### ###???# @% *###### ##### # | | ?# #######;!;########/#####? # " | | ?# + #? # " | | ?# ####### """ +? ?# " | | ?# #?????# """ #? ?# | | ?# ###+###+####??#[[ """ #?# #?# " | | ?### ### ##%] #?# #?# " | | ??# ?# ##]! """ #?# #?# " | | ??## #?#! """" """" ##= """ #?# #?# | | ???????# """" """" ?# """ ### ###+# | | ???????# """" """"??# %+ % | | ???????########################## | | ??????????# #????????# | | ??????????# """" """" #????????# | | ??????????# """" """" =#????????# | | ??????????# """" """" ########?# | | ??????????# # ### | | ??????????#####+#####+## # | | ?????????????## ### # # | | ?????????????# # # | | ?????????????# ## | | ?????????????# #### # ## | | ??????########+##### ########### | | ??????# # #?????????# | | ??????# """"" + #?????????# | +----------------------------------------------------+ Best States ------------- Heat Dissipation 28 Energy Generation 14 Energy Capacity 280 Matter Stores 300 Matter Capacity 300 Sight Range 16 Terrain Scan Density 10 Armor Coverage 225 Evasion (%) 55 Item Schematics ----------------- Med. Storage Unit | -10/Materials | Hacked Grenade Launcher | -10/Materials | Hacked Weapon Shielding | -10/Materials | Hacked Robot Schematics ------------------ None Fabricated ------------ Nothing Alien Tech Used ----------------- None Achievements -------------- None Challenges ------------ None Game ------ Seed ImprinterImpactBox Manual? 0 Play Time 00:24:56 Cumulative 117.0 hours Start 2024.05.26 @ 01:04:20 End 2024.05.26 @ 03:39:19 Sessions 3 Manual Loads 0 Difficulty Rogue Special Mode None Game No. 78 Rogue 78 Adventurer 0 Explorer 0 Win Type - Total 2 Types 1/0/0/1/0/0/0/0/0 Lore% 61 Gallery% 53 Achievement% 49 Wizard Run 0 Options --------- Layout 0 ASCII 0 Keyboard 0 Movement Mouse Keybinds 0 Fullscreen 1 Font 18/SmallcapsGlow Map View 76x50 Zoom Use 0% Tactical HUD 1 Map Filters NONE Filters NONE Steam 1 RUN: f99cfe9f-bfa4-405e-b0e3-6e35aff03afb